 Dungeon Sprint DCSS version 0.30.1-4-g462c640d31 (webtiles) character file.

Game seed: 10254074173916988263

25 Heoruswealwe the Magician (level 2, -10/15 HPs)
             Began as a Deep Elf Earth Elementalist on Aug 30, 2023.
             Mangled by an ogre
             ... wielding a +0 giant spiked club
              (21 damage)
             ... in the Dungeon (Sprint I: "Red Sonja").
             The game lasted 00:00:43 (21 turns).

Heoruswealwe the Magician (DEEE)                      Turns: 21, Time: 00:00:43

Health: -10/15     AC:  6    Str:  5    XL:     2   Next: 82%
Magic:  8/11       EV: 19    Int: 19    God:
Gold:   0          SH:  0    Dex: 15    Spells: 12/13 levels left

rFire   + + .        (weapon currently unavailable)
rCold   + + .        (shield currently unavailable)
rNeg    + + +        a - melded +0 robe
rPois   ∞            (helmet currently unavailable)
rElec   +            (cloak currently unavailable)
rCorr   +            (gloves currently unavailable)
SInv    .            (boots currently unavailable)
Will    .....        (amulet currently unavailable)
Stlth   ++           (ring currently unavailable)
HPRegen 0.22/turn    (ring currently unavailable)
MPRegen 0.12/turn

%: no teleportation
@: wisp-form, on berserk cooldown, flying, hasted and slowed
A: insubstantial, flying, no casting, tiny
a: no special abilities


You were in the Dungeon.
You were an insubstantial wisp.
You visited 1 branch

Inventory:

Armour
 a - a +0 robe (melded)
Wands
 e - a wand of polymorph (8)
Scrolls
 g - a scroll of blinking
Potions
 b - 3 potions of magic
 c - a potion of curing
 d - a potion of heal wounds


   Skills:
 - Level 2.4 Dodging
 - Level 2.4 Stealth
 + Level 6.1 Spellcasting
 - Level 1.1 Transmutations
 + Level 5.5 Earth Magic


You had 12 spell levels left.
You knew the following spells:

 Your Spells              Type           Power      Damage    Failure   Level
a - Sandblast             Erth           52%        2d12      1%          1

Your spell library contained the following spells:

 Spells                   Type           Power      Damage    Failure   Level
 Passwall                 Tmut/Erth      15%        N/A       4%          2
 Stone Arrow              Conj/Erth      32%        3d9       11%         3
 Petrify                  Tmut/Erth      18%        N/A       28%         4


Dungeon Overview and Level Annotations

Branches:
Dungeon (1/1)

Altars:


Message History

You touch Ijyb!
Ijyb is moderately wounded.
Ijyb barely misses you.
You touch Ijyb.
Ijyb is heavily wounded.
Ijyb completely misses you.
You touch Ijyb.
Ijyb is severely wounded.
You barely miss Ijyb.
Ijyb is severely wounded.
Ijyb completely misses you.
You closely miss Ijyb.
Ijyb is severely wounded.
Ijyb hits you with a +0 dagger.
You touch Ijyb.
You kill Ijyb!
Your Spellcasting skill gained 3 levels and is now at level 6!
Your Earth Magic skill gained 2 levels and is now at level 5!
You have reached level 2!
e - a wand of polymorph (8)
There is an open door, spattered with blood here.
Things that are here:
a +0 dagger; a +0 leather armour You feel a strong urge to attack something.
You are no longer berserk.
You are exhausted.
You feel yourself slow down.
You reach down and open the door.
An ogre comes into view. It is wielding a +0 giant spiked club.
There is an open door here.
The ogre completely misses you.
You touch the ogre but do no damage.
You touch the ogre.
The ogre is lightly wounded.
The ogre closely misses you.
You touch the ogre.
The ogre is lightly wounded.
The ogre hits you with a +0 giant spiked club!!
Ouch! That really hurt!
You die...

##########
#<.#..'v.#
#..)..#.O+
#..#####+#
#..# #..#
#..# #⌠⌠#
####


You could see an ogre.

Vanquished Creatures
  Ijyb (D)
1 creature vanquished.

Notes
Turn   | Place    | Note
-------+----------+-------------------------------------------
     0 | D        | Heoruswealwe the Deep Elf Earth Elementalist began the
                  | quest for the Orb.
     0 | D        | Reached XP level 1. HP: 10/10 MP: 6/6
     1 | D        | Noticed Ijyb
    11 | D        | Killed Ijyb
    12 | D        | Reached skill level 6 in Spellcasting
    12 | D        | Reached skill level 5 in Earth Magic
    12 | D        | Reached XP level 2. HP: 14/15 MP: 7/11
    16 | D        | Noticed an ogre
    21 | D        | Mangled by an ogre

Illustrated notes

Levels and vault maps discovered:
D:        dungeon_sprint_1 [red_sonja_temple_1, red_sonja_temple_small_1]

Skill      XL: |  1 |
---------------+----+-----
Spellcasting   | 6 |  6.1
Earth Magic    | 5 |  5.5
Dodging        | |  2.4
Stealth        | |  2.4
Transmutations | |  1.1

Action                     || total
---------------------------++-------
  Melee: Unarmed           ||    11
    Use: Potion            ||     2
  Dodge: Dodged            ||     5
